 Dungeon Crawl Stone Soup version 0.22.1-1-ga44c0e5 (webtiles) character file.

369 brandon the Digger (level 6, -5/49 HPs)
             Began as a Deep Dwarf Earth Elementalist on Oct 4, 2018.
             Was a Follower of Elyvilon.
             Slain by an ogre
             ... wielding a +0 giant club
              (7 damage)
             ... on level 4 of the Dungeon.
             The game lasted 00:25:27 (4810 turns).

brandon the Digger (Deep Dwarf Earth Elementalist)  Turns: 4810, Time: 00:25:28

Health: -5/49      AC:  8    Str: 11    XL:     6   Next: 41%
Magic:  3/8        EV: 14    Int: 18    God:    Elyvilon [*.....]
Gold:   162        SH:  7    Dex: 13    Spells: 7/11 levels left

rFire    . . .     SeeInvis +   f - +3 dagger
rCold    . . .     Gourm    .   g - +2 buckler {AC+3}
rNeg     . . .     Faith    .   c - +0 robe
rPois    .         Spirit   .   s - +0 helmet
rElec    .         Reflect  .   (no cloak)
rCorr    .         Harm     .   e - +0 pair of gloves
MR       .....                  n - +0 pair of boots
Stlth    ++........             (no amulet)
HPRegen  0.00/turn              i - ring of see invisible
MPRegen  0.11/turn              (no ring)

@: non-regenerating
A: damage resistance, heal wounds, sense surroundings 1, no regeneration
a: Heal Wounds, Lesser Healing, Divine Protection, Renounce Religion


You were on level 4 of the Dungeon.
You worshipped Elyvilon.
Elyvilon was aware of your devotion.
You were not hungry.

You visited 2 branches of the dungeon, and saw 6 of its levels.

You collected 162 gold pieces.

Inventory:

Hand Weapons
 f - a +3 dagger (weapon)
Missiles
 l - 17 stones (quivered)
Armour
 c - a +0 robe (worn)
 e - a +0 pair of gloves (worn)
 g - a +2 buckler of protection (worn)
 n - a +0 pair of boots (worn)
 s - a +0 helmet (worn)
Jewellery
 i - a ring of see invisible (left hand)
 z - a cursed ring of teleportation {unknown}
Wands
 b - a wand of iceblast (3)
 q - a wand of polymorph (14)
Scrolls
 a - a scroll of enchant weapon {unknown}
 j - a scroll of magic mapping {unknown}
 m - 2 scrolls of immolation {unknown}
 p - 3 scrolls of remove curse
 r - 3 scrolls of teleportation {unknown}
 u - a scroll of fear {unknown}
 x - a scroll of noise {unknown}
 y - 2 scrolls of identify
Potions
 h - a potion of resistance
 k - 2 potions of invisibility
 o - 3 potions of flight {unknown}
 t - 3 potions of curing
 v - 3 potions of lignification
 w - a potion of cancellation {unknown}
 A - 2 potions of magic {unknown}
Comestibles
 d - 2 rations


   Skills:
 + Level 4.0 Dodging
 - Level 2.4 Stealth
 - Level 4.0 Shields
 + Level 3.0 Spellcasting
   Level 0.8 Transmutations
 + Level 5.7 Earth Magic


You had 7 spell levels left.
You knew the following spells:

 Your Spells              Type           Power        Failure   Level  Hunger
a - Sandblast             Erth           ###...       1%          1    None
b - Stone Arrow           Conj/Erth      ##....       16%         3    ###....

Your spell library contained the following spells:

 Spells                   Type           Power        Failure   Level  Hunger
 Passwall                 Tmut/Erth      ##......     6%          2    ##.....
 Petrify                  Tmut/Erth      ##......     38%         4    ####...
 Lee's Rapid Deconstruct  Erth           ###.......   41%         5    ######.


Dungeon Overview and Level Annotations

Branches:
Dungeon (5/15)             Temple (1/1) D:4

Altars:
Cheibriados
Dithmenos
Elyvilon
Fedhas
Gozag
Kikubaaqudgha
Makhleb
Nemelex Xobeh
Okawaru
Qazlal
Ru
Trog
Uskayaw
Vehumet
Wu Jian
Yredelemnul
Zin
The Shining One


Innate Abilities, Weirdness & Mutations

You are resistant to damage.
You can heal yourself by infusing magical energy.
You passively map a small area around you.
You do not regenerate.


Message History

The blast of sand hits the ogre.
The ogre is moderately wounded.
l - 17 stones The ogre hits you with a giant club!!
Elyvilon protects you from harm!
Casting: Sandblast (safe; 1% risk of failure)
Confirm with . or Enter, or press ? or * to list all spells.
Aiming: Sandblast (safe; 1% risk of failure)
Press: ? - help, Shift-Dir - straight line, f/p - ogre
Aim: an ogre, wielding a giant club (moderately wounded)
Okay, then.
Casting: Sandblast (safe; 1% risk of failure)
Confirm with . or Enter, or press ? or * to list all spells.
Aiming: Stone Arrow (safe; 16% risk of failure)
Press: ? - help, Shift-Dir - straight line, f/p - ogre
Aim: an ogre, wielding a giant club (moderately wounded)
The stone arrow hits the ogre.
The ogre is heavily wounded.
The ogre hits you with a giant club!
You die...

#######################
#........##.......#....
#........##.#####.#.###
#........##.###...#....
###^.....'.............
#......##.###.##...#.
#......##.###.##.....
#...@O.'...........#.
#......####.#####....
######....#......#.#.
#.##.######.#...
####........##.#.#.
#.........#.##.#...
#.........#.##.#.#.
#.........#....#...
#.........######...


You could see an ogre.

Vanquished Creatures
  An ogre (D:4)
  A scorpion (D:4)
  3 worker ants (D:4)
  Robin (D:2)
  2 gnolls
  A howler monkey skeleton (D:4)
  A worker ant zombie (D:5)
  3 adders
  2 worms (D:2)
  A dart slug (D:2)
  3 leopard geckos
  A giant cockroach (D:1)
  10 hobgoblins
  12 jackals
  3 kobolds
  A ball python (D:4)
  8 bats
  5 frilled lizards
  9 goblins
  6 rats
74 creatures vanquished.

Notes
Turn   | Place    | Note
-------+----------+-------------------------------------------
     0 | D:1      | brandon the Deep Dwarf Earth Elementalist began the quest
                  | for the Orb.
     0 | D:1      | Reached XP level 1. HP: 15/15 MP: 3/3
   206 | D:1      | Reached XP level 2. HP: 22/22 MP: 3/5
  1102 | D:2      | Reached skill level 1 in Shields
  1168 | D:2      | Reached XP level 3. HP: 25/28 MP: 6/6
  1714 | D:3      | Found a radiant altar of Vehumet.
  1714 | D:3      | Found a glowing golden altar of the Shining One.
  1715 | D:3      | Found a sacrificial altar of Ru.
  2192 | D:2      | Learned a level 3 spell: Stone Arrow
  2214 | D:2      | Noticed Robin
  2492 | D:2      | Reached XP level 4. HP: 32/36 MP: 4/7
  2584 | D:2      | Killed Robin
  3106 | D:4      | Found a staircase to the Ecumenical Temple.
  3121 | Temple   | Entered the Ecumenical Temple
  3258 | Temple   | Became a worshipper of Elyvilon the Healer
  3342 | D:4      | Reached skill level 5 in Earth Magic
  3617 | D:4      | Reached XP level 5. HP: 25/42 MP: 1/8
  3718 | D:4      | Noticed an ogre
  3808 | D:5      | Entered Level 5 of the Dungeon
  3813 | D:5      | Noticed an ogre
  3817 | D:5      | Noticed a sky beast
  4083 | D:4      | Killed an ogre
  4083 | D:4      | Reached XP level 6. HP: 31/49 MP: 0/9
  4268 | D:4      | Reached * piety under Elyvilon
  4664 | D:5      | Found a shadowy altar of Dithmenos.
  4807 | D:4      | HP: 2/49 [ogre/giant club (15)]
  4809 | D:4      | Elyvilon protects you from harm!
  4810 | D:4      | Slain by an ogre

Skill      XL: |  1  2  3  4  5  6 |
---------------+-------------------+-----
Spellcasting   | 2 3 |  3.0
Shields        | 1 3 4 |  4.0
Dodging        | 3 4 |  4.0
Earth Magic    | 5 |  5.7
Stealth        | |  2.4
Transmutations | |  0.8

Action                   |  1- 3 |  4- 6 || total
-------------------------+-------+-------++-------
Melee: Unarmed           |    15 |       ||    15
       Dagger            |     9 |    18 ||    27
 Cast: Sandblast         |    64 |    29 ||    93
       Stone Arrow       |     3 |    19 ||    22
 Abil: Heal Wounds       |       |     2 ||     2
Evoke: Wand              |     1 |     2 ||     3
  Use: Scroll            |     3 |     3 ||     6
  Eat: Chunk             |     6 |     8 ||    14
       Ration            |       |     1 ||     1
Armor: Robe              |    16 |     9 ||    25
Dodge: Dodged            |    27 |    16 ||    43
Block: Buckler           |    15 |    11 ||    26
